[Event "Titled Tuesday Blitz November 14 Late 2023"]
[White "Gimenez Aguirre, Alejo Ismael"]
[Black "Vafin, Ayrat"]
[WhiteFideId "32041667"]
[BlackFideId "4146530"]
[WhiteElo "2619"]
[BlackElo "2543"]
[Result "1/2-1/2"]
[Round "10"]
[TimeControl "180+1"]
[Date "2023.11.14"]
[WhiteClock "0:00:48"]
[BlackClock "0:00:21"]
[Board "34"]

1. e4 e5 2. Nf3 Nf6 3. Nxe5 d6 4. Nf3 Nxe4 5. Nc3 Nxc3 6. dxc3 Be7 7. Bd3 Nc6 8. Be3 Be6 9. Qd2 Qd7 10. O-O-O Bf6 11. Kb1 O-O-O 12. h3 h6 13. Rhe1 Kb8 14. Nd4 Nxd4 15. cxd4 Bf5 16. Qb4 d5 17. Bf4 Bxd3 18. Rxd3 Rhe8 19. Be3 Re6 20. Rb3 Rb6 21. Qc3 Rxb3 22. axb3 Re8 23. b4 a6 24. b3 Qc6 25. Qxc6 bxc6 26. c3 Kb7 27. Kc2 h5 28. Kd3 g6 29. Ra1 Re4 30. f3 Re8 31. g4 Rh8 32. g5 Bg7 33. f4 Re8 34. f5 gxf5 35. Rf1 Kc8 36. Rxf5 Re7 37. Bf2 Kd7 38. Bg3 Ke8 39. Rf1 Re6 40. Bxc7 h4 41. Bf4 Re4 42. Rf3 Ke7 43. Re3 Rxe3+ 44. Kxe3 Ke6 45. Kf3 Kf5 46. Be3 Bf8 47. Bf2 Kxg5 48. Be3+ Kf5 49. Bd2 Be7 50. Be1 Bg5 51. c4 Bf6 52. Bc3 Be7 53. Bd2 Bf6 54. Be3 Be7 55. Bd2 Bf6 56. Bc3 Be7 57. Ke3 Bg5+ 58. Kf3 Be7 1/2-1/2


[Site "https://www.chess.com"]

[Event "Titled Tuesday Blitz November 14 Late 2023"]
[White "Omariev, Maksim"]
[Black "Golubev, Mikhail"]
[WhiteFideId "4193423"]
[BlackFideId "14100983"]
[WhiteElo "2525"]
[BlackElo "2613"]
[Result "1-0"]
[Round "10"]
[TimeControl "180+1"]
[Date "2023.11.14"]
[WhiteClock "0:00:05"]
[BlackClock "0:00:00"]
[Board "35"]

1. g4 Nh6 2. g5 Nf5 3. h4 d5 4. Bg2 Qd6 5. Nc3 c6 6. d3 d4 7. Ne4 Qc7 8. Nf3 Na6 9. c3 e5 10. Qa4 Be6 11. Bd2 O-O-O 12. c4 Nd6 13. Ba5 b6 14. Bd2 Nxe4 15. Qxa6+ Kb8 16. dxe4 Bc8 17. Qa4 c5 18. O-O-O Bb7 19. Ne1 Bc6 20. Qb3 Qb7 21. f3 h6 22. Nd3 Bd6 23. gxh6 gxh6 24. Bh3 Qa6 25. Kb1 Ka8 26. Rc1 Rb8 27. Qa3 Qb7 28. Rhg1 b5 29. Nxc5 Bxc5 30. Qxc5 bxc4 31. Rc2 d3 32. Qxc4 dxc2+ 33. Qxc2 Bb5 34. Bc3 f6 35. Be6 Qa6 36. Bd5+ Bc6 37. Bxc6+ Qxc6 38. Rd1 Rhd8 39. h5 Rxd1+ 40. Qxd1 a6 41. Qd2 Rc8 42. Qxh6 Rd8 43. Qe3 Qa4 44. b3 Qc6 45. h6 Qe8 46. Kb2 Rd7 47. a4 Qe6 48. a5 Kb7 49. Bd2 Rh7 50. Bc1 Qd7 51. Qc3 Qd4 52. Qxd4 exd4 53. Kc2 Rc7+ 54. Kd1 Kc6 55. Bb2 Rd7 56. Kd2 Kc5 57. Kd3 Kb4 58. Bxd4 Kxb3 59. Ke3 Ka4 60. Bxf6 Rh7 61. Bg7 Kxa5 62. e5 Kb5 63. f4 Kc6 64. f5 Kd7 65. e6+ Ke7 66. Kd4 a5 67. Kd5 a4 68. f6+ 1-0


[Site "https://www.chess.com"]

[Event "Titled Tuesday Blitz November 14 Late 2023"]
[White "Grossboss19"]
[Black "Fernandez Reyes, Lisandro"]
[BlackFideId "3504190"]
[WhiteElo "2481"]
[BlackElo "2593"]
[Result "1-0"]
[Round "10"]
[TimeControl "180+1"]
[Date "2023.11.14"]
[WhiteClock "0:00:37"]
[BlackClock "0:01:43"]
[Board "36"]

1. Nf3 Nf6 2. c3 d5 3. d4 g6 4. Bf4 Bg7 5. e3 O-O 6. h3 c5 7. Nbd2 Qb6 8. Qb3 Nc6 9. Bd3 c4 10. Qxb6 axb6 11. Bc2 b5 12. Ne5 Nxe5 13. Bxe5 Nd7 14. Bxg7 Kxg7 15. a3 e5 16. O-O f5 17. Rae1 e4 18. f3 Nf6 19. Rf2 Bd7 20. Ref1 f4 21. Re1 Rae8 22. fxe4 fxe3 23. Rxe3 dxe4 24. Nxe4 Nd5 25. Rxf8 Nxe3 26. Rxe8 Bxe8 27. Nd6 Bc6 28. Be4 Nd1 29. d5 Bd7 30. Nxb7 Kf6 31. Nc5 Ke7 32. Bc2 Nxb2 33. Kf2 Be8 34. Ke3 Bf7 35. Kd4 h5 36. Ke5 g5 37. d6+ Kd8 38. Nb7+ Ke8 39. Bf5 Nd3+ 40. Kf6 1-0


[Site "https://www.chess.com"]

[Event "Titled Tuesday Blitz November 14 Late 2023"]
[White "Bettalli, Francesco"]
[Black "Mazzilli, Piero"]
[WhiteFideId "2816453"]
[BlackFideId "807087"]
[WhiteElo "2582"]
[BlackElo "2389"]
[Result "1-0"]
[Round "10"]
[TimeControl "180+1"]
[Date "2023.11.14"]
[WhiteClock "0:01:43"]
[BlackClock "0:00:00"]
[Board "37"]

1. d4 d5 2. Nc3 Nf6 3. Bf4 c6 4. e3 Bf5 5. f3 e6 6. g4 Bg6 7. h4 h5 8. g5 Nfd7 9. Bd3 Bxd3 10. Qxd3 Bb4 11. Ne2 g6 12. a3 Qa5 13. Kf2 Bxc3 14. Nxc3 O-O 15. e4 Re8 16. Rhe1 Na6 17. b4 Qb6 18. exd5 exd5 19. Na4 Qd8 20. Rxe8+ Qxe8 21. Re1 Qf8 22. Qe2 b5 23. Nb2 Nab8 24. Qe8 a5 25. Bd6 Qxe8 26. Rxe8+ Kh7 27. Nd3 axb4 28. axb4 Ra2 29. Bxb8 Ra8 30. Rd8 Nxb8 31. Ne5 Ra2 32. Rxb8 Rxc2+ 33. Kg3 Rd2 34. Nd7 f5 35. gxf6 Rxd4 36. f7 1-0


[Site "https://www.chess.com"]

[Event "Titled Tuesday Blitz November 14 Late 2023"]
[White "Goltsev, Dmitry"]
[Black "Pourkashiyan, Atousa"]
[WhiteFideId "24176710"]
[BlackFideId "12502014"]
[WhiteElo "2704"]
[BlackElo "2531"]
[Result "1-0"]
[Round "10"]
[TimeControl "180+1"]
[Date "2023.11.14"]
[WhiteClock "0:00:12"]
[BlackClock "0:00:05"]
[Board "39"]

1. e4 c5 2. Nf3 e6 3. d4 cxd4 4. Nxd4 a6 5. Nc3 Qc7 6. Be2 Nf6 7. O-O Bb4 8. Be3 Bxc3 9. bxc3 Nxe4 10. Bf3 Nxc3 11. Qd3 O-O 12. Rfe1 d5 13. Nb3 Nd7 14. Bd4 Nb5 15. Bb2 Nc5 16. Nxc5 Qxc5 17. a4 Nd6 18. Re5 Nc4 19. Rh5 g6 20. Bd4 Qe7 21. Re1 gxh5 22. Be4 f5 23. Bxd5 Nd6 24. Qg3+ Kf7 25. Bc5 Ne4 26. Bxe4 Qxc5 27. Bf3 Qc3 28. Bxh5+ Ke7 29. Qxc3 Bd7 30. Qc5+ Kf6 31. Qd4+ Ke7 32. Qg7+ Kd8 33. Rd1 1-0


[Site "https://www.chess.com"]

[Event "Titled Tuesday Blitz November 14 Late 2023"]
[White "Adla, Diego"]
[Black "Pesotskiy, Mikhail"]
[WhiteFideId "100072"]
[BlackFideId "34164453"]
[WhiteElo "2648"]
[BlackElo "2513"]
[Result "1-0"]
[Round "10"]
[TimeControl "180+1"]
[Date "2023.11.14"]
[WhiteClock "0:00:54"]
[BlackClock "0:00:16"]
[Board "40"]

1. c4 e5 2. Nc3 Nc6 3. Nf3 Nf6 4. e4 Bb4 5. d3 O-O 6. Be2 h6 7. O-O d6 8. Ne1 Nd4 9. Nc2 Bc5 10. Nxd4 Bxd4 11. Be3 c5 12. Qd2 Ng4 13. Bxg4 Bxg4 14. Kh1 f5 15. Nd5 f4 16. Bxd4 cxd4 17. f3 Be6 18. b4 a5 19. a3 Ra6 20. Rac1 axb4 21. axb4 Ra3 22. Ra1 Qa8 23. Qb2 Rxa1 24. Rxa1 Qb8 25. Kg1 b5 26. c5 dxc5 27. bxc5 Kh7 28. Nb6 Qe8 29. Ra5 Bd7 30. Nxd7 Qxd7 31. Qxb5 Qxb5 32. Rxb5 Ra8 33. c6 Ra1+ 34. Kf2 Ra2+ 35. Ke1 Rc2 36. Rxe5 Rxc6 37. Kd1 Ra6 38. Rd5 Ra2 39. Rxd4 Rxg2 40. e5 g5 41. Re4 Kg7 42. d4 Kf8 43. d5 Rxh2 44. d6 Ra2 45. e6 Ra7 46. Rc4 Ra6 47. Rc8+ Kg7 48. d7 Rd6+ 49. Kc2 Kf6 50. d8=Q+ Rxd8 51. Rxd8 Kxe6 52. Rh8 Ke5 53. Rxh6 Kd4 54. Kd2 1-0


[Site "https://www.chess.com"]

[Event "Titled Tuesday Blitz November 14 Late 2023"]
[White "Ventura Bolet, Maxim"]
[Black "Maltsevskaya, Aleksandra"]
[WhiteFideId "22238824"]
[BlackFideId "24174041"]
[WhiteElo "2501"]
[BlackElo "2638"]
[Result "0-1"]
[Round "10"]
[TimeControl "180+1"]
[Date "2023.11.14"]
[WhiteClock "0:00:00"]
[BlackClock "0:00:07"]
[Board "41"]

1. Nf3 Nf6 2. g3 g6 3. Bg2 Bg7 4. O-O O-O 5. d4 d6 6. c4 Nbd7 7. Nc3 e5 8. h3 exd4 9. Nxd4 Nc5 10. e4 Re8 11. Re1 Bd7 12. Rb1 a5 13. Kh2 h5 14. Bg5 Ng4+ 15. hxg4 Qxg5 16. gxh5 Bg4 17. Bf3 Qxh5+ 18. Kg1 Bxf3 19. Nxf3 Bxc3 20. bxc3 Nxe4 21. Rxb7 Nxc3 22. Rxe8+ Rxe8 23. Qd3 Ne2+ 24. Kg2 Qg4 25. Qd2 Qxc4 26. Qxa5 Re7 27. Rb4 Qc6 28. Qg5 Re6 29. Rh4 Kf8 30. Rh8+ Kg7 31. Qh6+ Kf6 32. Qh4+ Kg7 33. Rh7+ Kg8 34. Rh8+ Kg7 35. Qh6+ Kf6 36. Rh7 Ke7 37. Qxg6 Rxg6 38. Rh4 Nxg3 39. fxg3 Qc2+ 40. Kh3 Re6 41. Rf4 Qh7+ 42. Kg2 Qd3 43. Ng5 Re2+ 44. Kh3 f6 45. Nf3 Qh7+ 46. Nh4 Re5 47. Rg4 Re4 0-1


[Site "https://www.chess.com"]

[Event "Titled Tuesday Blitz November 14 Late 2023"]
[White "Kochiev, Ivan"]
[Black "Adewumi, Tanitoluwa"]
[WhiteFideId "2917890"]
[BlackFideId "30966396"]
[WhiteElo "2500"]
[BlackElo "2619"]
[Result "0-1"]
[Round "10"]
[TimeControl "180+1"]
[Date "2023.11.14"]
[WhiteClock "0:00:02"]
[BlackClock "0:00:52"]
[Board "42"]

1. e4 c5 2. Nf3 Nc6 3. d4 cxd4 4. Nxd4 e6 5. Nc3 Qc7 6. f4 a6 7. Nxc6 Qxc6 8. Be3 b5 9. Bd3 Bc5 10. Qf3 Bb7 11. O-O-O Nf6 12. Rhe1 Rc8 13. Bxc5 Qxc5 14. a3 b4 15. axb4 Qxb4 16. f5 O-O 17. Qg3 exf5 18. exf5 d5 19. Nb1 Rc5 20. Rf1 Rfc8 21. Qf4 Qb6 22. g4 d4 23. Nd2 Nd5 24. Qf3 Ne3 0-1


[Site "https://www.chess.com"]

[Event "Titled Tuesday Blitz November 14 Late 2023"]
[White "Hajiyev, Kanan"]
[Black "Flameboard08"]
[WhiteFideId "13404148"]
[WhiteElo "2497"]
[BlackElo "2617"]
[Result "0-1"]
[Round "10"]
[TimeControl "180+1"]
[Date "2023.11.14"]
[WhiteClock "0:00:06"]
[BlackClock "0:00:28"]
[Board "43"]

1. d4 b6 2. Nf3 Bb7 3. g3 e6 4. Bg2 Nf6 5. Nh4 d5 6. c4 Be7 7. cxd5 Bxd5 8. Nf3 c5 9. Nc3 Nc6 10. Nxd5 exd5 11. O-O O-O 12. Bg5 Ne4 13. Bxe7 Nxe7 14. dxc5 bxc5 15. Rc1 Qb6 16. Qc2 Rac8 17. e3 a5 18. Nd2 Nf6 19. Rfd1 a4 20. Nf3 Rc7 21. Ne5 Rb8 22. Rd2 Qb4 23. Nd3 Qb5 24. Nf4 c4 25. Ne2 a3 26. b3 Rcc8 27. Nd4 Qa5 28. bxc4 Rb2 29. Nb3 Rxc2 30. Rdxc2 Qb4 31. c5 Nc6 32. Rd1 h5 33. h3 g6 34. Kh2 h4 35. g4 Qb8+ 36. Kg1 Nb4 37. Rcd2 Nxa2 38. Nd4 Nc3 39. Ra1 Rxc5 40. Rxa3 Kg7 41. Rb3 Qa7 42. Rc2 Nce4 43. g5 Nd7 44. Bxe4 dxe4 45. Rbc3 Rxc3 46. Rxc3 Qa1+ 0-1


[Site "https://www.chess.com"]

[Event "Titled Tuesday Blitz November 14 Late 2023"]
[White "Lymar, Vladislav"]
[Black "ATM622"]
[WhiteFideId "14162180"]
[WhiteElo "2577"]
[BlackElo "2454"]
[Result "1-0"]
[Round "10"]
[TimeControl "180+1"]
[Date "2023.11.14"]
[WhiteClock "0:01:07"]
[BlackClock "0:00:01"]
[Board "45"]

1. e4 c6 2. d3 d5 3. Nf3 dxe4 4. dxe4 Qxd1+ 5. Kxd1 Nf6 6. Nc3 Bg4 7. Be2 Nbd7 8. Nd2 Bxe2+ 9. Kxe2 O-O-O 10. a4 e5 11. Nc4 Ne8 12. Be3 b6 13. a5 Kb7 14. Rhd1 Be7 15. Rxd7+ Rxd7 16. Nxe5 Rc7 17. axb6 axb6 18. Nxf7 Rf8 19. Ne5 Nd6 20. f3 Bf6 21. Bf4 Re7 22. Ng6 Bxc3 23. Bxd6 hxg6 24. bxc3 Rff7 25. Bxe7 Rxe7 26. Rd1 Kc7 27. Ke3 g5 28. g3 Re5 29. f4 Rc5 30. Rd3 g4 31. e5 Ra5 32. Rd6 g5 33. Rg6 gxf4+ 34. gxf4 Rc5 35. Rg7+ Kd8 36. e6 Rxc3+ 37. Kd4 Rxc2 38. f5 Re2 39. Rxg4 Ke7 40. Rg7+ Ke8 41. h4 Kf8 42. Rc7 c5+ 43. Kd5 Re1 44. f6 Kg8 45. Rc8+ Kh7 46. f7 Kg7 47. f8=Q+ 1-0


[Site "https://www.chess.com"]

[Event "Titled Tuesday Blitz November 14 Late 2023"]
[White "Kubicka, Anna"]
[Black "angelgab3"]
[WhiteFideId "1152254"]
[WhiteElo "2482"]
[BlackElo "2572"]
[Result "1-0"]
[Round "10"]
[TimeControl "180+1"]
[Date "2023.11.14"]
[WhiteClock "0:02:21"]
[BlackClock "0:01:50"]
[Board "46"]

1. e4 c5 2. Ne2 Nc6 3. g3 g6 4. Bg2 Bg7 5. O-O e5 6. Nbc3 Nge7 7. Nd5 d6 8. c3 O-O 9. d3 h6 10. Be3 Rb8 11. Qd2 Kh7 12. f4 Nxd5 13. exd5 Ne7 14. fxe5 b6 15. exd6 Nf5 16. Bf4 g5 17. d7 gxf4 18. dxc8=Q Rxc8 19. Be4 1-0


[Site "https://www.chess.com"]

[Event "Titled Tuesday Blitz November 14 Late 2023"]
[White "Kostiukov, Alexandr"]
[Black "Shapiro, Viktor"]
[WhiteFideId "14108100"]
[BlackFideId "4175700"]
[WhiteElo "2454"]
[BlackElo "2558"]
[Result "0-1"]
[Round "10"]
[TimeControl "180+1"]
[Date "2023.11.14"]
[WhiteClock "0:00:37"]
[BlackClock "0:01:53"]
[Board "47"]

1. e4 Nf6 2. e5 Nd5 3. c4 Nb6 4. d4 d6 5. f4 dxe5 6. fxe5 c5 7. d5 g6 8. Nc3 Bg7 9. Bf4 O-O 10. Qd2 e6 11. Nf3 exd5 12. cxd5 Bg4 13. O-O-O c4 14. Be2 Na6 15. h3 Bf5 16. g4 Bd3 17. Bxd3 cxd3 18. Qxd3 Rc8 19. Kb1 Nc4 20. Rc1 Qb6 21. Rh2 Nb4 22. Qe4 Qa6 23. a3 Nd3 24. Rcc2 Ncxb2 25. Rxb2 Rxc3 26. Ra2 Qb5+ 27. Ka1 Rfc8 28. Rh1 R8c4 29. Qe3 Nxf4 30. Qxa7 Rxf3 31. Qb8+ Bf8 0-1


[Site "https://www.chess.com"]

[Event "Titled Tuesday Blitz November 14 Late 2023"]
[White "Arnold, Ken"]
[Black "JackRodgers"]
[WhiteFideId "2056836"]
[WhiteElo "2430"]
[BlackElo "2538"]
[Result "0-1"]
[Round "10"]
[TimeControl "180+1"]
[Date "2023.11.14"]
[WhiteClock "0:00:06"]
[BlackClock "0:00:31"]
[Board "48"]

1. e4 c5 2. Nf3 g6 3. Bc4 Bg7 4. Nc3 e6 5. O-O Ne7 6. Re1 O-O 7. d4 d5 8. exd5 exd5 9. Be2 cxd4 10. Nxd4 Nbc6 11. Be3 Nf5 12. Nxf5 Bxf5 13. Nxd5 Bxc2 14. Qxc2 Qxd5 15. Bf3 Qb5 16. Bxc6 bxc6 17. Rab1 a5 18. Rec1 Rfc8 19. a4 Qd5 20. Rd1 Qe6 21. Bc5 h5 22. Rd6 Qg4 23. h3 Qf4 24. Rbd1 Be5 25. g3 Qh6 26. Rd7 h4 27. Qc4 hxg3 28. Rxf7 gxf2+ 29. Rxf2+ Kh8 30. Re1 Bg7 31. Qg4 Re8 32. Rfe2 Rxe2 33. Rxe2 Qc1+ 0-1


[Site "https://www.chess.com"]

[Event "Titled Tuesday Blitz November 14 Late 2023"]
[White "Statham_l3"]
[Black "Szente Varga, Fruzsina"]
[BlackFideId "712264"]
[WhiteElo "2538"]
[BlackElo "2370"]
[Result "1-0"]
[Round "10"]
[TimeControl "180+1"]
[Date "2023.11.14"]
[WhiteClock "0:00:36"]
[BlackClock "0:01:39"]
[Board "49"]

1. e4 c5 2. Nf3 Nc6 3. b4 Nxb4 4. c3 Nc6 5. d4 cxd4 6. cxd4 d5 7. exd5 Qxd5 8. Nc3 Qd6 9. Nb5 Qd8 10. d5 Nb8 11. Bf4 Na6 12. Qe2 Bg4 13. Nd6+ Kd7 14. Qb5+ Kc7 15. Qxb7# 1-0


[Site "https://www.chess.com"]

[Event "Titled Tuesday Blitz November 14 Late 2023"]
[White "Ongut, Tamas Gunes"]
[Black "FM_Kappeler"]
[WhiteFideId "770280"]
[WhiteElo "2532"]
[BlackElo "2342"]
[Result "1-0"]
[Round "10"]
[TimeControl "180+1"]
[Date "2023.11.14"]
[WhiteClock "0:02:23"]
[BlackClock "0:01:30"]
[Board "50"]

1. c4 e6 2. Nc3 d5 3. d4 c5 4. e3 Nc6 5. Nf3 Nf6 6. a3 Ne4 7. Qc2 Nxc3 8. bxc3 Be7 9. cxd5 exd5 10. Bd3 g6 11. dxc5 O-O 12. h4 Bg4 13. h5 Bxf3 14. gxf3 Ne5 15. hxg6 Nxd3+ 16. Qxd3 hxg6 17. c4 dxc4 18. Bb2 Bf6 19. Qxd8 1-0


[Site "https://www.chess.com"]

[Event "Titled Tuesday Blitz November 14 Late 2023"]
[White "chessjazda"]
[Black "GatoRojo150"]
[WhiteElo "2367"]
[BlackElo "2618"]
[Result "0-1"]
[Round "10"]
[TimeControl "180+1"]
[Date "2023.11.14"]
[WhiteClock "0:02:02"]
[BlackClock "0:02:13"]
[Board "51"]

1. b3 e5 2. Bb2 Nc6 3. g3 d5 4. Bg2 Nf6 5. e3 Bd6 6. Ne2 h5 7. h3 e4 8. d3 Bf5 9. Nbc3 Qe7 10. dxe4 dxe4 11. Nd5 Nxd5 12. Qxd5 Bg6 13. O-O-O O-O-O 14. Qb5 a6 15. Qa4 Be5 16. Nd4 Qf6 17. Rd2 Nxd4 18. exd4 Bd6 19. d5 Be5 20. Bxe5 Qxe5 21. Rhd1 Qa1# 0-1


[Site "https://www.chess.com"]

[Event "Titled Tuesday Blitz November 14 Late 2023"]
[White "Kubatko, Ivan"]
[Black "Guerra Tulcan, Lenin"]
[WhiteFideId "24111473"]
[BlackFideId "3601382"]
[WhiteElo "2423"]
[BlackElo "2589"]
[Result "0-1"]
[Round "10"]
[TimeControl "180+1"]
[Date "2023.11.14"]
[WhiteClock "0:00:00"]
[BlackClock "0:00:22"]
[Board "52"]

1. e4 c5 2. c3 d5 3. exd5 Qxd5 4. d4 cxd4 5. cxd4 Nc6 6. Nf3 e6 7. Nc3 Bb4 8. Bd3 Nf6 9. O-O Qd8 10. Bg5 Be7 11. a3 h6 12. Bh4 a6 13. Re1 O-O 14. Bc2 Nd5 15. Qd3 g6 16. Bg3 Bf6 17. h4 h5 18. Ne5 Nxe5 19. dxe5 Bxh4 20. Ne4 Bxg3 21. Qxg3 h4 22. Qg4 Qc7 23. Nf6+ Nxf6 24. exf6 Qxc2 25. Qxh4 Qf5 26. Rad1 e5 27. Re3 Qh5 28. Qb4 Be6 29. Rdd3 Rad8 30. Rh3 Bxh3 31. Rxh3 Qg5 32. Qe4 Qxf6 0-1


[Site "https://www.chess.com"]

[Event "Titled Tuesday Blitz November 14 Late 2023"]
[White "Marcziter, Dmitrii"]
[Black "Sanchez Alvares, Kelvin Antonio"]
[WhiteFideId "13900765"]
[BlackFideId "3906680"]
[WhiteElo "2438"]
[BlackElo "2562"]
[Result "0-1"]
[Round "10"]
[TimeControl "180+1"]
[Date "2023.11.14"]
[WhiteClock "0:00:10"]
[BlackClock "0:00:57"]
[Board "53"]

1. d4 Nf6 2. c4 e6 3. Nf3 b6 4. a3 Bb7 5. Nc3 d5 6. cxd5 exd5 7. Bf4 a6 8. e3 Bd6 9. Ne5 O-O 10. Bd3 Qe7 11. O-O c5 12. h3 Nc6 13. Nxc6 Bxc6 14. Bxd6 Qxd6 15. Qe2 c4 16. Bf5 g6 17. Bc2 b5 18. Rad1 Rfe8 19. Qf3 a5 20. Rfe1 b4 21. axb4 axb4 22. Ne2 Ra2 23. Rb1 Bd7 24. Nc1 Ra7 25. Ne2 b3 26. Bd1 Bf5 27. Rc1 Be4 28. Qf4 Qxf4 29. Nxf4 Ra2 30. Re2 g5 31. f3 Bf5 32. g4 gxf4 33. gxf5 Rxe3 34. Rb1 Rd3 35. Rg2+ Kf8 36. Be2 Rxd4 37. Bf1 h6 38. Kf2 c3 39. Ke1 c2 40. Rc1 Rxb2 41. Rd2 Ra4 42. Bd3 Rb1 43. Rxc2 bxc2 44. Kd2 Rxc1 45. Kxc1 Ra1+ 46. Kxc2 Rh1 47. Kc3 Ke7 48. Kd4 Kd6 49. Be2 Rxh3 50. Bd1 Rh2 51. Bb3 h5 52. Ba4 h4 53. Be8 h3 54. Bxf7 Re2 55. Bg6 h2 56. Kd3 Re3+ 57. Kd4 h1=Q 58. Be8 Qd1# 0-1


[Site "https://www.chess.com"]

[Event "Titled Tuesday Blitz November 14 Late 2023"]
[White "Qiao, Cindy"]
[Black "Santos Flores, Alberto"]
[WhiteFideId "2620243"]
[BlackFideId "3601234"]
[WhiteElo "2421"]
[BlackElo "2558"]
[Result "0-1"]
[Round "10"]
[TimeControl "180+1"]
[Date "2023.11.14"]
[WhiteClock "0:00:07"]
[BlackClock "0:00:12"]
[Board "54"]

1. e4 e6 2. d4 d5 3. e5 c5 4. c3 Qb6 5. Nf3 Nc6 6. Be2 cxd4 7. cxd4 Nh6 8. O-O Nf5 9. Be3 Qxb2 10. Nbd2 Qa3 11. Qb3 Qxb3 12. Nxb3 Be7 13. Bd3 Nxe3 14. fxe3 O-O 15. Rf2 Bd7 16. Raf1 f5 17. exf6 Bxf6 18. Nc5 Bc8 19. Ng5 Nxd4 20. Nxh7 Nf5 21. Nxf8 Kxf8 22. Nxe6+ Bxe6 23. Bxf5 Ke7 24. Bxe6 Kxe6 25. Rc1 Kd6 26. Rfc2 Re8 27. Kf2 Bg5 28. Re1 Re4 29. g3 b5 30. Rc3 b4 31. Rd3 a5 32. Red1 Re5 33. Kf3 Kc5 34. h4 Bf6 35. Rc1+ Kb5 36. Rc7 a4 37. g4 Bxh4 38. Kf4 Bf6 39. Rc8 b3 40. axb3 a3 41. Rb8+ Kc5 42. b4+ Kc4 43. Rxa3 Re7 44. b5 Be5+ 45. Kf5 Bxb8 46. b6 Rb7 47. e4 dxe4 48. Kxe4 Rxb6 49. Kf5 Kd4 50. Ra4+ Ke3 51. Re4+ Kf3 52. Re7 Rb5+ 53. Kg6 Be5 54. g5 Kf4 55. Rf7+ Kg4 56. Re7 Rb6+ 57. Kf7 Bb2 58. g6 Kg5 59. Rc7 Bd4 60. Rd7 Be5 61. Rd5 Kf5 62. Rd7 Rxg6 63. Rd5 Ra6 64. Ke7 g5 65. Rd8 g4 66. Rf8+ Ke4 67. Rg8 g3 68. Kd7 Kf3 69. Rf8+ Bf4 70. Rc8 g2 71. Rc3+ Be3 72. Rc1 Bxc1 0-1


[Site "https://www.chess.com"]

[Event "Titled Tuesday Blitz November 14 Late 2023"]
[White "Karamsetty, Jeevan"]
[Black "Garrido, Denis"]
[WhiteFideId "2025337"]
[BlackFideId "601217"]
[WhiteElo "2536"]
[BlackElo "2396"]
[Result "1-0"]
[Round "10"]
[TimeControl "180+1"]
[Date "2023.11.14"]
[WhiteClock "0:00:09"]
[BlackClock "0:00:07"]
[Board "55"]

1. e4 c6 2. d4 d5 3. exd5 cxd5 4. Bd3 Nc6 5. c3 Nf6 6. Bf4 Bg4 7. Qb3 Qd7 8. Nd2 e6 9. Ngf3 Bd6 10. Bxd6 Qxd6 11. O-O O-O 12. Rfe1 Qc7 13. Ne5 Nxe5 14. Rxe5 Bh5 15. h3 Bg6 16. Bf1 Rab8 17. a4 Rfc8 18. Rae1 Ne8 19. h4 h6 20. h5 Bh7 21. Nf3 Nd6 22. Qd1 a6 23. Nh4 b5 24. axb5 axb5 25. Qg4 Kh8 26. R5e3 Nf5 27. Rf3 b4 28. Bd3 Nxh4 29. Qxh4 Bxd3 30. Rxd3 bxc3 31. bxc3 Rb3 32. Rc1 Qd8 33. Qh3 Qa5 34. Qe3 Qa3 35. g4 Rcb8 36. Qe1 Rb2 37. Rg3 Qe7 38. Kg2 Qf6 39. Qe3 Ra2 40. Rf3 Qe7 41. Qf4 Rb7 42. c4 dxc4 43. Rxc4 Ra8 44. Qe4 Rab8 45. d5 exd5 46. Qxd5 Rd7 47. Qf5 Rbd8 48. Re4 Qd6 49. Rfe3 Rf8 50. Re8 Rd8 51. R8e7 Qc6+ 52. Kg3 Qd6+ 53. Qf4 Kg8 54. R7e5 Qb8 55. Kg2 Qb2 56. R5e4 Qb7 57. Qf3 Qa8 58. Kg3 Qb8+ 59. Rf4 Qa8 60. Ree4 Qb8 61. Kg2 Rde8 62. Rxe8 Qxe8 63. Re4 Qa8 64. Kg3 Qb8+ 65. Kg2 Qa8 66. Qe3 Qb8 67. f3 Qd6 68. Qf2 Qf6 69. Qd4 Qxd4 70. Rxd4 Re8 71. Kg3 Kf8 72. Kf4 Ke7 73. Re4+ Kd7 74. Rc4 Ke7 75. Re4+ Kd7 76. Ra4 Ke7 77. Ra7+ Kf6 78. Ra6+ Re6 79. Ra5 Re7 80. Rf5+ Ke6 81. g5 hxg5+ 82. Rxg5 f6 83. Rg2 Kf7 84. Rb2 Re5 85. Rb7+ Kg8 86. Kg4 Rg5+ 87. Kh4 Kh7 88. Rb4 Kh6 89. Rb8 Rxh5+ 90. Kg4 Kg6 91. Kf4 Rh4+ 92. Kg3 Ra4 93. Rb5 f5 94. f4 Kf6 95. Rb6+ Kf7 96. Rc6 Ra3+ 97. Kh4 g6 98. Kg5 Rg3+ 99. Kh6 Rh3+ 100. Kg5 Rg3+ 101. Kh4 Rg4+ 102. Kh3 Rxf4 103. Kg3 Rg4+ 104. Kf3 Kg7 105. Rb6 Kh6 106. Rb8 Kg5 107. Rb6 Ra4 108. Rb3 Kh4 109. Rb6 Ra3+ 110. Kf4 Ra4+ 111. Kf3 Kg5 112. Rc6 Rh4 113. Rc1 Rh3+ 114. Kg2 Kh4 115. Rc4+ Kg5 116. Kxh3 f4 117. Kg2 Kf5 118. Kf3 g5 119. Rc5+ Kf6 120. Kg4 f3 121. Rxg5 f2 122. Rf5+ Ke6 123. Rxf2 1-0


[Site "https://www.chess.com"]

[Event "Titled Tuesday Blitz November 14 Late 2023"]
[White "Golubenko, Valentina"]
[Black "Kovacsy, Barnabas"]
[WhiteFideId "4501993"]
[BlackFideId "769290"]
[WhiteElo "2393"]
[BlackElo "2520"]
[Result "1-0"]
[Round "10"]
[TimeControl "180+1"]
[Date "2023.11.14"]
[WhiteClock "0:00:04"]
[BlackClock "0:00:00"]
[Board "56"]

1. d4 Nf6 2. g3 g6 3. Bg2 d5 4. c4 c6 5. Nc3 Bg7 6. Nf3 O-O 7. O-O dxc4 8. Ne5 Ng4 9. f4 Nxe5 10. fxe5 Na6 11. Bg5 Be6 12. e4 h6 13. Be3 Qb6 14. Qe2 c5 15. d5 Bd7 16. Qxc4 Rac8 17. Qe2 Bxe5 18. Bxh6 Bg7 19. Bxg7 Kxg7 20. Qf3 f6 21. Kh1 Rh8 22. e5 Rcf8 23. exf6+ Qxf6 24. Qe3 Bf5 25. g4 Qd6 26. h3 Bxg4 27. Nb5 Rxh3+ 28. Bxh3 Qxd5+ 29. Bg2 Qh5+ 30. Kg1 Bf5 31. Qe5+ Kf7 32. Bd5+ Ke8 33. Nc7+ Nxc7 34. Qxc7 Qg4+ 35. Bg2 Qd4+ 36. Rf2 Bd3 37. Qg3 1-0


[Site "https://www.chess.com"]

[Event "Titled Tuesday Blitz November 14 Late 2023"]
[White "Weak-Player_EGY"]
[Black "Kanyamarala, Trisha"]
[BlackFideId "45004722"]
[WhiteElo "2378"]
[BlackElo "2505"]
[Result "0-1"]
[Round "10"]
[TimeControl "180+1"]
[Date "2023.11.14"]
[WhiteClock "0:00:31"]
[BlackClock "0:00:56"]
[Board "57"]

1. c4 e6 2. g3 d5 3. Bg2 Nf6 4. Nf3 Be7 5. O-O O-O 6. d4 c6 7. Nc3 Nbd7 8. Nd2 a6 9. e4 dxe4 10. Ndxe4 Nxe4 11. Nxe4 Nf6 12. Be3 Rb8 13. Bf4 Ra8 14. a3 Bd7 15. b4 b5 16. c5 Nd5 17. Bd6 f5 18. Bxe7 Qxe7 19. Nd6 f4 20. Re1 Qf6 21. Qg4 Qxd4 22. Rad1 Qb2 23. Bxd5 cxd5 24. c6 fxg3 25. hxg3 Qxf2+ 26. Kh1 Bxc6 27. Qxe6+ Kh8 28. Nf7+ Qxf7 29. Qxc6 Qf3+ 30. Kh2 Qf2+ 31. Kh3 Qf5+ 32. Kg2 Rac8 33. Qxd5 Rc2+ 34. Kh1 Qh3+ 0-1


[Site "https://www.chess.com"]

[Event "Titled Tuesday Blitz November 14 Late 2023"]
[White "Erzhanov, Arman"]
[Black "Laskakis, Konstantinos"]
[WhiteFideId "4138821"]
[BlackFideId "42134374"]
[WhiteElo "2502"]
[BlackElo "2365"]
[Result "1-0"]
[Round "10"]
[TimeControl "180+1"]
[Date "2023.11.14"]
[WhiteClock "0:01:30"]
[BlackClock "0:00:16"]
[Board "58"]

1. e4 e5 2. Nf3 Nc6 3. Be2 Nf6 4. d3 g6 5. O-O Bg7 6. Nbd2 O-O 7. c3 d6 8. Re1 Nh5 9. b4 Ne7 10. g3 Bh3 11. Ng5 Bd7 12. Bxh5 f6 13. Qb3+ d5 14. exd5 gxh5 15. d6+ Kh8 16. dxe7 Qxe7 17. Ngf3 Be6 18. Qd1 Bg4 19. Kg2 Rad8 20. h3 Bf5 21. Ne4 Qd7 22. Nc5 Bxh3+ 23. Kh2 Qf5 24. Nh4 Qc8 25. Qxh5 Bg4 26. Ng6+ Kg8 27. Ne7+ Kh8 28. Qh4 Qa8 29. Qxg4 b6 30. Ne6 Rxd3 31. Qxg7# 1-0


[Site "https://www.chess.com"]